 Dungeon Crawl Stone Soup version 0.31-a0-38-g1548c4f2a5 (webtiles) character file.

Game seed: 4366522347526550034

2601 frimble the Carver (level 9, 0/71 HPs)
             Began as a Gnoll Reaver on May 16, 2023.
             Was a Priest of Cheibriados.
             Slain by Grum
             ... wielding a -1 glaive of flaming
              (19 damage)
             ... on level 8 of the Dungeon.
             The game lasted 00:14:23 (7067 turns).

frimble the Carver (Gnoll Reaver)                   Turns: 7067, Time: 00:14:24

Health: 0/71       AC:  9    Str: 25    XL:     9   Next: 59%
Magic:  7/19       EV: 16    Int: 24    God:    Cheibriados [***...]
Gold:   351        SH:  5    Dex: 20    Spells: 15/21 levels left

rFire   . . .        b - +2 dagger (venom)
rCold   . . .        (no shield)
rNeg    . . .        p - +2 robe {Will+}
rPois   .            (no helmet)
rElec   .            (no cloak)
rCorr   .            c - +0 pair of gloves
SInv    .            (no boots)
Will    +....        v - amulet of reflection
Stlth   +++          t - +6 ring of strength
HPRegen 0.31/turn    q - +4 ring of protection
MPRegen 0.16/turn

%: reflection
@: very slow
A: fangs 1, strong nose, distributed training
a: Renounce Religion, Bend Time, Temporal Distortion


You were on level 8 of the Dungeon.
You worshipped Cheibriados.
Cheibriados was most pleased with you.
You visited 2 branches of the dungeon, and saw 9 of its levels.
You also visited: Bailey.

You collected 351 gold pieces.

Inventory:

Hand Weapons
 a - a +0 falchion
 b - a +2 dagger of venom (weapon)
Missiles
 s - 4 javelins (quivered)
Armour
 c - a +0 pair of gloves (worn)
 p - a +2 robe of willpower (worn)
Jewellery
 d - a ring of resist corrosion
 q - a +4 ring of protection (right hand)
 r - a ring of ice
 t - a +6 ring of strength (left hand)
 v - an amulet of reflection (around neck)
Scrolls
 e - a scroll of torment
 g - 2 scrolls of teleportation
 i - 3 scrolls of enchant armour
 k - 2 scrolls of fog
 l - 2 scrolls of amnesia
 m - a scroll of vulnerability
 x - a scroll of blinking
Potions
 f - 6 potions of haste
 j - 4 potions of invisibility
 n - 2 potions of brilliance
 o - a potion of might
 w - a potion of mutation


   Skills:
 + Level 6.5 Fighting
 + Level 4.5 Short Blades
 + Level 8.1 Long Blades
 + Level 4.5 Axes
 + Level 4.5 Maces & Flails
 + Level 4.5 Polearms
 + Level 4.5 Staves
 + Level 4.5 Ranged Weapons
 + Level 4.5 Throwing
 + Level 4.5 Armour
 + Level 6.5 Dodging
 + Level 4.5 Stealth
 + Level 4.5 Shields
 + Level 4.5 Unarmed Combat
 + Level 6.8 Spellcasting
 + Level 6.7 Conjurations
 + Level 3.7 Hexes
 + Level 3.7 Summonings
 + Level 3.7 Necromancy
 + Level 3.7 Translocations
 + Level 3.7 Transmutations
 + Level 3.7 Fire Magic
 + Level 3.7 Ice Magic
 + Level 3.7 Air Magic
 + Level 3.7 Earth Magic
 + Level 3.7 Poison Magic
 + Level 5.0 Invocations
 + Level 4.5 Evocations


You had 15 spell levels left.
You knew the following spells:

 Your Spells              Type           Power      Damage    Failure   Level
a - Kiss of Death         Conj/Necr      100%       2d13      1%          1
b - Hailstorm             Conj/Ice       33%        3d8       2%          3
c - Searing Ray           Conj           80%        2d7       1%          2

Your spell library contained the following spells:

 Spells                   Type           Power      Damage    Failure   Level
 Magic Dart               Conj           100%       1d8       1%          1
 Momentum Strike          Conj/Tloc      66%        3d9       1%          2
 Cigotuvi's Dreadful Rot  Necr/Pois/Air  52%        N/A       2%          2
 Sublimation of Blood     Necr           26%        N/A       2%          2
 Fulminant Prism          Conj/Hex       16%        3d10      9%          4
 Animate Armour           Summ/Erth      52%        N/A       16%         4
 Dispel Undead            Necr           26%        3d13      16%         4
 Petrify                  Tmut/Erth      26%        N/A       16%         4
 Irradiate                Conj/Tmut      16%        3d17      24%         5
 Metabolic Englaciation   Hex/Ice        13%        N/A       38%         5
 Death Channel            Necr           13%        N/A       93%         6
 Spellforged Servitor     Conj/Summ      16%        N/A       100%        7


Dungeon Overview and Level Annotations

Branches:
Dungeon (8/15)             Temple (1/1) D:6          Bailey (visited)
   Lair: D:8-11

Altars:
Ashenzari
Cheibriados
Dithmenos
Elyvilon
Gozag
Hepliaklqana
Kikubaaqudgha
Makhleb
Nemelex Xobeh
Okawaru
Qazlal
Ru
Sif Muna
Trog
Uskayaw
Vehumet
Wu Jian
Yredelemnul
The Shining One

Shops:
D:7 :=(

Annotations:
D:2 1 runed translucent door, Crazy Yiuf
D:4 1 runed translucent door, Menkaure; hgbash's ghost, amateur GrFi
D:8 Grum


Innate Abilities, Weirdness & Mutations

You have very sharp teeth.
Your uncanny sense of smell can sniff out nearby items.
Your experience applies equally to all skills.


Message History

Cheibriados thoroughly appreciates the change of pace.
Cheibriados raises the support of your attributes as your movement slows.
The searing ray misses the orc priest.
The searing ray misses Grum.
You finish channelling your searing ray.
You block the wolf's attack. The wolf misses you.
Casting: Searing Ray (safe; 1% risk of failure)
Confirm with . or Enter, or press ? or * to list all spells.
Aiming: Searing Ray (safe; 1% risk of failure)
Press: ? - help, Shift-Dir - straight line, f/p - orc priest
Aim: an orc priest, wielding a +0 mace (heavily wounded, 82% to hit)
The searing ray hits the wolf!
The wolf is moderately wounded.
The searing ray hits the orc priest!
You kill the orc priest!
Cheibriados appreciates the change of pace. (Press . to maintain the ray.)
The wolf completely misses you. The wolf bites you. The wolf misses you.
The searing ray misses the wolf.
The wolf bites you. x2; The wolf misses you.
The wolf bites you but does no damage.
Unknown command.
Casting: Searing Ray (safe; 1% risk of failure)
Confirm with . or Enter, or press ? or * to list all spells.
Restarting spell: Searing Ray (safe; 1% risk of failure)
Press: ? - help, Shift-Dir - straight line, f - Grum
Aim: Grum, wielding a -1 glaive of flaming and wearing a +0 animal skin (lightly wounded, 84% to hit)
The searing ray hits the wolf but does no damage.
The wolf is moderately wounded.
The searing ray hits Grum.
Grum is lightly wounded. (Press . to maintain the ray.)
The wolf bites you but does no damage. The wolf bites you.
The wolf closely misses you.
Grum hits you from afar with a -1 glaive of flaming!
* * * LOW HITPOINT WARNING * * *
Grum burns you.
* * * LOW HITPOINT WARNING * * *
The wolf closely misses you.
You feel better. You block the wolf's attack. The wolf closely misses you.
Grum hits you from afar with a -1 glaive of flaming!!
You die...

##...'...###.....#
.....#..## ###+##
####)#.## #... ∆ #
#.### #..) ∆
####.# +.$.∆
.....# #..$ ..##.#
... .(...# ###g###
<.##.+ ##..)h@#
..##.# ##....h##
..##.# ##[....##
.)##.# ##.....##
.))#.###...).## ∆
##....####'#######
##...............
#.............##
###############


You could see Grum and 2 wolves.

Vanquished Creatures
  An orc warrior (Bailey)
  2 ice beasts
  2 ogres
  2 wolves (D:8)
  A centaur (D:8)
  5 kobold brigands
  2 scorpions (D:6)
  A gnoll sergeant (D:7)
  8 wights (D:8)
  4 killer bees (D:7)
  A howler monkey (D:6)
  A jelly (D:6)
  A hound (D:7)
  3 orc priests
  3 iguanas
  2 sleepcaps
  3 orc wizards
  A mummy (D:6)
  14 gnolls
  7 adders
  A shadow imp (D:6)
  2 white imps (D:6)
  2 dart slugs
  32 orcs
  6 ball pythons
  5 bats
  2 endoplasms
  7 giant cockroaches
  8 goblins
  7 hobgoblins
  8 jackals
  18 kobolds
  A quokka (D:1)
  4 frilled lizards
  A goblin zombie (D:6)
  A hobgoblin zombie (D:6)
  6 rats
175 creatures vanquished.

Vanquished Creatures (others)
  An orc wizard (D:6)
1 creature vanquished.

Grand Total: 176 creatures vanquished

Notes
Turn   | Place    | Note
-------+----------+-------------------------------------------
     0 | D:1      | frimble the Gnoll Reaver began the quest for the Orb.
     0 | D:1      | Reached XP level 1. HP: 20/20 MP: 6/6
   305 | D:1      | Reached XP level 2. HP: 26/26 MP: 7/7
  1064 | D:2      | Found a faded altar of an unknown god.
  1073 | D:2      | Reached skill level 5 in Spellcasting
  1073 | D:2      | Reached XP level 3. HP: 31/31 MP: 7/9
  1197 | D:2      | Reached skill level 1 in Invocations
  1200 | D:2      | Got the Lessons on the Helpful Snowflakes
  1261 | D:2      | Found a broken altar of Ashenzari.
  1492 | D:2      | Reached skill level 1 in Short Blades
  1492 | D:2      | Reached skill level 1 in Axes
  1492 | D:2      | Reached skill level 1 in Maces & Flails
  1492 | D:2      | Reached skill level 1 in Polearms
  1492 | D:2      | Reached skill level 1 in Staves
  1492 | D:2      | Reached skill level 1 in Ranged Weapons
  1492 | D:2      | Reached skill level 1 in Throwing
  1492 | D:2      | Reached skill level 1 in Armour
  1492 | D:2      | Reached skill level 1 in Stealth
  1492 | D:2      | Reached skill level 1 in Shields
  1492 | D:2      | Reached skill level 1 in Unarmed Combat
  1492 | D:2      | Reached skill level 1 in Evocations
  1694 | D:2      | Found a runed translucent door.
  1695 | D:2      | Noticed Crazy Yiuf
  1763 | D:3      | Reached XP level 4. HP: 37/38 MP: 11/11
  1807 | D:3      | Found an ornate altar of the Wu Jian Council.
  1962 | D:3      | Reached skill level 1 in Hexes
  1962 | D:3      | Reached skill level 1 in Summonings
  1962 | D:3      | Reached skill level 1 in Necromancy
  1962 | D:3      | Reached skill level 1 in Translocations
  1962 | D:3      | Reached skill level 1 in Transmutations
  1962 | D:3      | Reached skill level 1 in Fire Magic
  1962 | D:3      | Reached skill level 1 in Ice Magic
  1962 | D:3      | Reached skill level 1 in Air Magic
  1962 | D:3      | Reached skill level 1 in Earth Magic
  1962 | D:3      | Reached skill level 1 in Poison Magic
  1991 | D:3      | Found a sacrificial altar of Ru.
  2198 | D:3      | Reached XP level 5. HP: 28/43 MP: 12/12
  2491 | D:4      | Noticed Menkaure
  2848 | D:4      | Found a runed translucent door.
  2848 | D:4      | Noticed hgbash's ghost (amateur GrFi)
  2860 | D:5      | Entered Level 5 of the Dungeon
  2907 | D:5      | Noticed an ogre
  2914 | D:5      | Killed an ogre
  2915 | D:5      | Reached skill level 5 in Fighting
  2915 | D:5      | Reached skill level 5 in Dodging
  2915 | D:5      | Reached XP level 6. HP: 37/51 MP: 12/14
  3235 | D:6      | Reached skill level 7 in Long Blades
  3235 | D:6      | Reached XP level 7. HP: 46/56 MP: 15/15
  3394 | D:6      | Found a staircase to the Ecumenical Temple.
  3400 | Temple   | Entered the Ecumenical Temple
  3446 | Temple   | Became a worshipper of Cheibriados the Contemplative
  4102 | D:6      | Reached XP level 8. HP: 33/63 MP: 16/16
  4120 | D:6      | Reached * piety under Cheibriados
  4448 | D:7      | Found Feock's Book Shop.
  4468 | D:7      | Found a flagged portal.
  4502 | D:7      | Learned a level 3 spell: Hailstorm
  4505 | D:7      | Learned a level 2 spell: Searing Ray
  4511 | Bailey   | Entered a bailey
  5095 | D:7      | Found Saishotz's Jewellery Shop.
  5116 | D:7      | Found Feifecy's Weapon Emporium.
  5345 | D:7      | Reached ** piety under Cheibriados
  5524 | D:7      | Found a white marble altar of Elyvilon.
  5829 | D:7      | Found an iron altar of Okawaru.
  6178 | D:8      | Reached XP level 9. HP: 51/69 MP: 18/18
  6459 | D:8      | Reached *** piety under Cheibriados
  6834 | D:8      | Reached skill level 8 in Long Blades
  7053 | D:8      | Noticed Grum
  7062 | D:8      | Reached skill level 5 in Invocations
  7067 | D:8      | Slain by Grum

Illustrated notes

Levels and vault maps discovered:
D:1:      dpeg_arrival_simpleton_a, layout_loops_corners, dk_noncrumbling_4,
          nicolae_figureground_sparkle
D:2:      layout_basic, basic_altar, shapermc_ecumenical_altar_notcrosses,
          minivault_23, hangedman_abyss_or_decor_lesser_grid,
          uniq_crazy_yiuf_cottage
D:3:      layout_basic, old_standard_altar, mainiacjoe_overflow_24_doors,
          serial_forest, infiniplex_forest_clump_small,
          infiniplex_forest_zigzag_1, infiniplex_forest_lined_2,
          infiniplex_forest_clump_long
D:4:      layout_cave_pools, mainiacjoe_overflow_alcove_2,
          gammafunk_ghost_grave, uniq_menkaure, uniq_eustachio
D:5:      layout_cave_pools, serial_column_ruins, column_ruins_hut,
          column_ruins_square_huge, column_ruins_grid_1,
          column_ruins_open_small, column_ruins_open_large,
          column_ruins_open_small, column_ruins_grid_2, uniq_edmund
D:6:      minmay_octagon_keep, layout_rooms,
          minmay_temple_entry_statues_pillars, nicolae_ossuary_entry_giza,
          minmay_crossroads
D:7:      layout_loops_corners, mainiacjoe_overflow_paths,
          mainiacjoe_overflow_tiny_flanked, enter_bailey_5, serial_shops, shop,
          shop, shop, amethyst_killhole
D:8:      layout_rooms, minmay_quadrilaterals, uniq_grum
Temple:   eino_wide_crystal_templ

Skill      XL: |  1  2  3  4  5  6  7  8  9 |
---------------+----------------------------+-----
Spellcasting   | 5 6 |  6.8
Invocations    | 1 2 3 4 5 |  5.0
Short Blades   | 1 2 3 4 |  4.5
Axes           | 1 2 3 4 |  4.5
Maces & Flails | 1 2 3 4 |  4.5
Polearms       | 1 2 3 4 |  4.5
Staves         | 1 2 3 4 |  4.5
Ranged Weapons | 1 2 3 4 |  4.5
Throwing       | 1 2 3 4 |  4.5
Armour         | 1 2 3 4 |  4.5
Stealth        | 1 2 3 4 |  4.5
Shields        | 1 2 3 4 |  4.5
Unarmed Combat | 1 2 3 4 |  4.5
Evocations     | 1 2 3 4 |  4.5
Hexes          | 1 2 3 |  3.7
Summonings     | 1 2 3 |  3.7
Necromancy     | 1 2 3 |  3.7
Translocations | 1 2 3 |  3.7
Transmutations | 1 2 3 |  3.7
Fire Magic     | 1 2 3 |  3.7
Ice Magic      | 1 2 3 |  3.7
Air Magic      | 1 2 3 |  3.7
Earth Magic    | 1 2 3 |  3.7
Poison Magic   | 1 2 3 |  3.7
Fighting       | 5 6 |  6.5
Dodging        | 5 6 |  6.5
Long Blades    | 7 8 |  8.1
Conjurations   | 6 |  6.7

Action                     |  1- 3 |  4- 6 |  7- 9 || total
---------------------------+-------+-------+-------++-------
  Melee: Falchion          |   122 |   144 |   162 ||   428
         Bite              |    12 |    26 |    28 ||    66
         Punch             |     1 |     1 |    13 ||    15
         Dagger            |       |       |   169 ||   169
  Throw: Javelin           |       |    17 |     3 ||    20
   Cast: Kiss of Death     |       |     1 |     1 ||     2
         Searing Ray       |       |       |    37 ||    37
         Hailstorm         |       |       |     1 ||     1
    Use: Scroll            |     4 |     5 |     4 ||    13
         Potion            |       |       |    12 ||    12
   Stab: Sleeping          |       |     1 |     5 ||     6
         Invisible         |       |       |     1 ||     1
 Armour: Leather armour    |    49 |    54 |       ||   103
         Robe              |       |     9 |   123 ||   132
  Dodge: Dodged            |    70 |   116 |   282 ||   468
  Block: Other             |       |       |    21 ||    21

Table legend: (Time is in decaauts)
 A = Elapsed time spent in this place.
 B = Non-inter-level travel time spent in this place.
 C = Inter-level travel time spent in this place.
 D = Time resting spent in this place.
 E = Time spent auto-exploring this place.
 F = Levels seen in this place.
 G = Mean time per level.
                   A        B        C        D        E       F      G
               +--------+--------+--------+--------+--------+-----+--------+
         Total |   7811 |   7551 |    260 |    241 |   5773 |  10 |  781.1 |
       Dungeon |   7114 |   6865 |    249 |    189 |   5294 |   8 |  889.2 |
        Temple |     57 |     46 |     11 |      0 |     32 |   1 |   57.0 |
        Bailey |    639 |    639 |      0 |     52 |    447 |   1 |  639.0 |
               +--------+--------+--------+--------+--------+-----+--------+

Top non-repeatable levels by time:
     D:7: 1487 daAuts
     D:6: 1465 daAuts
     D:8: 1110 daAuts
     D:1: 1042 daAuts
     D:3: 1002 daAuts
     D:2: 710 daAuts
  Bailey: 639 daAuts
     D:5: 193 daAuts
     D:4: 102 daAuts
  Temple: 57 daAuts
